 Dungeon Crawl Stone Soup version 0.32-a0-893-gf85d74f (webtiles) character file.

Game seed: 2813624716823807039

8558 alcopop the Skirmisher (level 11, -2/87 HPs)
             Began as a Coglin Hunter on Apr 3, 2024.
             Was a Priest of Okawaru.
             Slain by a centaur warrior
             ... wielding a +0 broad axe
              (8 damage)
             ... on level 9 of the Dungeon.
             The game lasted 00:15:08 (12874 turns).

alcopop the Skirmisher (Coglin Hunter)             Turns: 12874, Time: 00:15:08

Health: -2/87      AC:  6    Str: 12    XL:     11   Next: 32%
Magic:  11/17      EV: 15    Int:  9    God:    Okawaru [***...]
Gold:   666        SH:  0    Dex: 21    Spells: 10/10 levels left

rFire   . . .        a - +2 sling {Armando}
rCold   . . .        d - +0 sling {Vikramjeet}
rNeg    . . .        l - +2 leather armour {Will+}
rPois   .            n - +0 hat
rElec   .            j - +0 cloak
rCorr   .            (no gloves)
SInv    .            (no boots)
Will    +....        (amulet unavailable)
Stlth   +++          (ring unavailable)
HPRegen 0.34/turn    (ring unavailable)
MPRegen 0.15/turn    (no gizmo)

%: no passive effects
@: heroic, finesse-ful, revving
A: off-hand wielding, slow wielding, warmup strikes, no jewellery
a: Invent Gizmo, Renounce Religion, Heroism


You were on level 9 of the Dungeon.
You worshipped Okawaru.
Okawaru was most pleased with you.
You visited 2 branches of the dungeon, and saw 10 of its levels.

You collected 708 gold pieces.
You spent 42 gold pieces at shops.

Inventory:

Hand Weapons
 a - a +2 sling (weapon) {Armando}
 d - a +0 sling (offhand) {Vikramjeet}
Missiles
 o - a throwing net {!f}
Armour
 j - a +0 cloak (worn)
 l - a +2 leather armour of willpower (worn)
 n - a +0 hat (worn)
Wands
 x - a wand of warping (6)
 y - a wand of mindburst (9)
 B - a wand of paralysis (5)
 C - a wand of flame (11)
Scrolls
 b - a scroll of butterflies
 c - a scroll of immolation {unknown}
 e - 2 scrolls of blinking
 f - a scroll of enchant armour {unknown}
 g - a scroll of fog
 h - 6 scrolls of teleportation
 i - 3 scrolls of revelation
 m - a scroll of poison {!r}
 p - a scroll of vulnerability {unknown}
 D - a scroll of identify
Potions
 k - 5 potions of berserk rage
 q - a potion of ambrosia {unknown}
 r - a potion of brilliance {unknown}
 s - a potion of haste
 t - a potion of resistance {unknown}
 u - 2 potions of magic {unknown}
 v - a potion of invisibility {unknown}
 w - 4 potions of enlightenment
 z - 2 potions of cancellation {unknown}
 A - 2 potions of degeneration {unknown}


   Skills:
 + Level 8.6(13.6) Fighting
 * Level 11.4(16.4) Ranged Weapons
 - Level 1.7(6.7) Dodging
 - Level 0.7(5.7) Stealth
 - Level 8.0 Invocations
 * Level 1.0 Evocations


You had 10 spell levels left.
You didn't know any spells.
Your spell library contained the following spells:

 Spells                   Type           Power      Damage    Failure   Level
 Blink                    Tloc           0%         N/A       61%         2
 Lesser Beckoning         Tloc           0%         N/A       61%         2
 Mercury Vapours          Alch/Air       0%         N/A       61%         2
 Momentum Strike          Conj/Tloc      0%         3d8       61%         2
 Leda's Liquefaction      Alch/Erth      0%         N/A       99%         4
 Summon Ice Beast         Ice/Summ       Unusable   N/A       N/A         3

Dungeon Overview and Level Annotations

Branches:
Dungeon (9/15)             Temple (1/1) D:6            Lair (0/5) D:9
    Orc: D:9-12

Altars:
Ashenzari
Cheibriados
Dithmenos
Elyvilon
Fedhas
Gozag
Hepliaklqana
Kikubaaqudgha
Makhleb
Nemelex Xobeh
Okawaru
Ru
Sif Muna
Trog
Uskayaw
Vehumet
Wu Jian
Xom
Yredelemnul
Zin
The Shining One

Shops:
D:8 ?

Annotations:
D:4 3 runed translucent doors, Dega's ghost, novice SpHu; Eustachio; NahIdwin's ghost, novice DjAl; Sumgai83's ghost, amateur GnWn; danspanner's ghost, amateur GrFi; lightray's ghost, amateur DsWr
D:7 2 runed translucent doors, selexin's ghost, novice OpEE


Innate Abilities, Weirdness & Mutations

You can wield a second weapon in your off-hand.
It takes a long time for you to wield or remove held weapons.
Your first few attacks do less damage.
You cannot equip rings or amulets.


Message History

You shoot a sling bullet.
The sling bullet hits the centaur warrior but does no damage.
The centaur warrior is moderately wounded.
You shoot a sling bullet.
The sling bullet hits the centaur warrior.
The centaur warrior is moderately wounded.
You shoot a sling bullet.
The sling bullet hits the centaur warrior.
The centaur warrior is heavily wounded.
You shoot a sling bullet.
The sling bullet barely misses the centaur warrior.
The centaur warrior hits you with a +0 broad axe!
* * * LOW HITPOINT WARNING * * *
The centaur warrior kicks you but does no damage.
You shoot a sling bullet.
The sling bullet hits the centaur warrior but does no damage.
The centaur warrior is heavily wounded.
You shoot a sling bullet.
The sling bullet hits the centaur warrior.
The centaur warrior is heavily wounded.
The centaur warrior misses you. The centaur warrior kicks you.
* * * LOW HITPOINT WARNING * * *
Okay, then.
Aiming: Paralyse
Press: ? - help, Shift-Dir - straight line, f/p - centaur warrior
Aim: a centaur warrior, wielding a +0 broad axe and wearing a +0 robe (heavily wounded, chance to affect: 33%)
Okay, then.
Okay, then.
Okay, then.
Aiming: Paralyse
Press: ? - help, Shift-Dir - straight line, f/p - centaur warrior
Aim: a centaur warrior, wielding a +0 broad axe and wearing a +0 robe (heavily wounded, chance to affect: 33%)
The centaur warrior easily resists.
The centaur warrior barely misses you. The centaur warrior closely misses you.
Aiming: Paralyse
Press: ? - help, Shift-Dir - straight line, f/p - centaur warrior
Aim: a centaur warrior, wielding a +0 broad axe and wearing a +0 robe (heavily wounded, chance to affect: 33%)
The centaur warrior easily resists.
The centaur warrior hits you with a +0 broad axe!
You die...

#.....# .. #...).#... #.....#...
#......... ##.....#... ###
#####.......... ##.#
######...>....##### ##..#
........###.#.######## ##...#
................@....######....##
#########.#####c######......#..#.
#.# #.# #.'.#######.._ #.# #.#
#.#......#..#. #.# #.#
#.######....## #.#####.####.##
##...# #.##.......†..# ##..#
#.##..........# ##.#
####..........# ###


You could see a centaur warrior.

Vanquished Creatures
  2 two-headed ogres
  A fire crab (D:9)
  Pikel (D:6)
  An ugly thing (D:9)
  A slime creature (D:9)
  6 yaks
  3 wraiths
  2 wyverns (D:9)
  A steam dragon (D:8)
  An acid dragon (D:9)
  3 water moccasins
  3 ice beasts
  2 orc warriors (D:8)
  A sky beast (D:6)
  3 ogres
  A centaur (D:8)
  A lemure (D:6)
  A phantom (D:6)
  2 kobold brigands (D:8)
  6 bullfrogs
  Blork the orc (D:5)
  2 gnoll sergeants
  2 scorpions
  A burial acolyte (D:7)
  2 wights (D:9)
  22 killer bees
  3 howler monkeys (D:7)
  2 bombardier beetles
  4 hounds
  A jelly (D:4)
  An orc priest (D:7)
  A gnoll bouda (D:8)
  A sleepcap (D:5)
  4 orc wizards
  13 gnolls
  3 adders
  2 shadow imps
  2 white imps
  2 ufetubi (D:5)
  A dart slug (D:3)
  3 ribbon worms
  21 orcs
  8 endoplasms
  3 giant cockroaches
  7 goblins
  6 hobgoblins
  4 jackals
  2 quokkas
  4 ball pythons
  6 bats
  2 frilled lizards (D:2)
  2 jackal zombies (D:7)
  12 kobolds
  6 rats
198 creatures vanquished.

Notes
Turn   | Place    | Note
-------+----------+-------------------------------------------
     0 | D:1      | alcopop the Coglin Hunter began the quest for the Orb.
     0 | D:1      | Reached XP level 1. HP: 16/16 MP: 1/1
    60 | D:1      | Found a faded altar of an unknown god.
   356 | D:1      | Reached XP level 2. HP: 22/22 MP: 2/2
   586 | D:1      | Reached skill level 4 in Ranged Weapons
  1163 | D:2      | Reached XP level 3. HP: 26/28 MP: 3/3
  1933 | D:3      | Found a white marble altar of Elyvilon.
  2067 | D:3      | You fall into a shaft and drop 2 floors!
  2067 | D:5      | Entered Level 5 of the Dungeon
  2100 | D:3      | Reached XP level 4. HP: 34/34 MP: 4/4
  2666 | D:4      | Reached skill level 5 in Ranged Weapons
  2666 | D:4      | Reached XP level 5. HP: 41/41 MP: 5/5
  2777 | D:4      | Reached XP level 6. HP: 26/48 MP: 6/6
  2928 | D:4      | Noticed Eustachio
  3341 | D:4      | Found a runed translucent gate.
  3341 | D:4      | Found a runed translucent gate.
  3341 | D:4      | Found a runed translucent gate.
  3342 | D:4      | Noticed NahIdwin's ghost (novice DjAl)
  3342 | D:4      | Noticed lightray's ghost (amateur DsWr)
  3342 | D:4      | Noticed danspanner's ghost (amateur GrFi)
  3343 | D:4      | Noticed Sumgai83's ghost (amateur GnWn)
  3343 | D:4      | Noticed Dega's ghost (novice SpHu)
  3533 | D:5      | Noticed an ice beast
  3552 | D:5      | Killed an ice beast
  3553 | D:5      | Reached skill level 6 in Ranged Weapons
  3605 | D:5      | Noticed Blork the orc
  3760 | D:5      | Killed Blork the orc
  3761 | D:5      | Reached XP level 7. HP: 21/55 MP: 7/7
  4155 | D:5      | Found a sparkling altar of Nemelex Xobeh.
  4163 | D:5      | Reached skill level 5 in Fighting
  4163 | D:5      | Reached skill level 7 in Ranged Weapons
  4261 | D:5      | Identified the staff of Piduffy {Conj Ice}
  4341 | D:6      | Identified the +1 robe of Lies {Dex+4 SInv}
  4347 | D:6      | Found a staircase to the Ecumenical Temple.
  4356 | Temple   | Entered the Ecumenical Temple
  4390 | Temple   | Became a worshipper of Warmaster Okawaru
  4515 | D:6      | Noticed a wraith
  4522 | D:6      | Reached skill level 1 in Invocations
  4522 | D:6      | Reached XP level 8. HP: 57/62 MP: 8/8
  4694 | D:6      | Got the Discourse on Shivering Rubedo
  4866 | D:6      | Noticed Pikel
  4898 | D:6      | Found a radiant altar of Vehumet.
  5064 | D:7      | Noticed a two-headed ogre
  5070 | D:7      | HP: 3/63 [killer bee (5)]
  5073 | D:7      | Reached * piety under Okawaru
  5077 | D:7      | Killed a two-headed ogre
  5078 | D:7      | Reached skill level 8 in Ranged Weapons
  5078 | D:7      | Reached XP level 9. HP: 5/69 MP: 9/11
  5600 | D:7      | Reached ** piety under Okawaru
  5810 | D:7      | Found a shadowy altar of Dithmenos.
  5969 | D:6      | Reached skill level 9 in Ranged Weapons
  6514 | D:7      | Found an ancient bone altar of Kikubaaqudgha.
  6777 | D:7      | Found a large runed translucent door.
  6777 | D:7      | Found a large runed translucent door.
  6779 | D:7      | Noticed selexin's ghost (novice OpEE)
  6891 | D:8      | Reached skill level 5 in Invocations
  8142 | D:6      | Reached XP level 10. HP: 69/79 MP: 12/14
  8204 | D:6      | Killed Pikel
  8204 | D:6      | Reached *** piety under Okawaru
  8205 | D:6      | Reached skill level 10 in Ranged Weapons
  9716 | D:8      | Found Zaxa's Magic Scroll Shoppe.
  9742 | D:8      | Bought a scroll of teleportation for 42 gold pieces
 10624 | D:9      | Found a staircase to the Lair.
 10628 | D:9      | Noticed a two-headed ogre
 11526 | D:9      | Noticed a centaur warrior
 11529 | D:9      | Noticed a purple ugly thing
 12035 | D:8      | Killed a two-headed ogre
 12035 | D:8      | Reached **** piety under Okawaru
 12036 | D:8      | Reached skill level 11 in Ranged Weapons
 12036 | D:8      | Reached XP level 11. HP: 59/87 MP: 14/16
 12302 | D:9      | Found a glowing golden altar of the Shining One.
 12343 | D:9      | Killed a purple ugly thing
 12463 | D:9      | Noticed a fire crab
 12469 | D:9      | Killed a fire crab
 12645 | D:9      | Reached skill level 1 in Evocations
 12727 | D:9      | Noticed a white ugly thing
 12874 | D:9      | Slain by a centaur warrior

Illustrated notes

Levels and vault maps discovered:
D:1:      minmay_arrival_nine_rooms, layout_loops_ring, basic_ecumenical_altar,
          chequers_serial_rivers_room_b
D:2:      minmay_razor_zed, layout_basic, minmay_misc_feat_diagonals,
          st_stairs_9, amcnicky_mini_rare_corridor_liquid,
          minmay_misc_feat_columns
D:3:      layout_basic, elyvilon_altar_1
D:4:      layout_cave_pools, gammafunk_ghost_cemetery, uniq_eustachio
D:5:      layout_rooms, marbit_many_paths, uniq_blork_the_orc
D:6:      layout_cave_pods, mainiacjoe_overflow_concentric_impassable,
          minmay_temple_entry_antechambers, uniq_pikel
D:7:      layout_loops_cross, lemuel_zombie_altar_kikubaaqudgha,
          grunt_dithmenos_smoke, ebering_ghost_disaster_area
D:8:      layout_basic, serial_shops, shop, kennysheep_small_spiral,
          grunt_ministairs_5
D:9:      nzn_winding_woodlands_stair_cross
          [nzn_winding_woodlands_5x15_lazy_stream,
          nzn_winding_woodlands_center_triple_pond,
          nzn_winding_woodlands_5x15_cabin, nzn_winding_woodlands_5x5_default,
          nzn_winding_woodlands_5x5_closed_star,
          nzn_winding_woodlands_5x15_pool,
          nzn_winding_woodlands_center_pierced_h,
          nzn_winding_woodlands_5x15_split_checker], layout_rooms,
          nicolae_tso_swordbearing_angel
Temple:   regret_index_temple_generic_petals

Skill      XL: |  1  2  3  4  5  6  7  8  9 10 11 |
---------------+----------------------------------+-----
Ranged Weapons | 4 5 6 7 8 9 11 | 11.4
Fighting       | 3 4 5 6 7 8 |  8.6
Invocations    | 1 3 5 7 8 |  8.0
Evocations     | 1 |  1.0
Dodging        | |  1.7
Stealth        | |  0.7

Action                     |  1- 3 |  4- 6 |  7- 9 | 10-12 || total
---------------------------+-------+-------+-------+-------++-------
  Melee: Sling             |       |     2 |       |       ||     2
   Fire: Sling             |   180 |   238 |   608 |   652 ||  1678
 Invoke: Heroism           |       |       |     4 |    10 ||    14
         Finesse           |       |       |       |     2 ||     2
  Evoke: Wand              |       |       |    13 |     8 ||    21
    Use: Scroll            |       |     8 |     7 |     1 ||    16
         Potion            |       |     1 |     2 |       ||     3
 Armour: Leather armour    |    23 |       |       |    31 ||    54
         Ring mail         |       |    86 |       |       ||    86
         Robe              |       |       |    89 |    68 ||   157
  Dodge: Dodged            |    19 |    78 |    91 |   100 ||   288

Table legend: (Time is in decaauts)
 A = Elapsed time spent in this place.
 B = Non-inter-level travel time spent in this place.
 C = Inter-level travel time spent in this place.
 D = Time resting spent in this place.
 E = Time spent auto-exploring this place.
 F = Levels seen in this place.
 G = Mean time per level.
                   A        B        C        D        E       F      G
               +--------+--------+--------+--------+--------+-----+--------+
         Total |  12875 |  11584 |   1291 |   4027 |   5789 |  10 | 1287.5 |
       Dungeon |  12808 |  11581 |   1227 |   4027 |   5789 |   9 | 1423.1 |
        Temple |     66 |      2 |     64 |      0 |      0 |   1 |   66.0 |
               +--------+--------+--------+--------+--------+-----+--------+

Top non-repeatable levels by time:
     D:8: 3290 daAuts
     D:7: 2523 daAuts
     D:6: 1270 daAuts
     D:3: 1263 daAuts
     D:2: 1192 daAuts
     D:5: 917 daAuts
     D:9: 902 daAuts
     D:4: 779 daAuts
     D:1: 669 daAuts
  Temple: 66 daAuts
